 Dungeon Crawl Stone Soup version 0.21-a0-442-g848f44b (webtiles) character file.

102342 4thArraOfDagon the Brawler (level 15, -21/119 HPs)
             Began as a Demonspawn Abyssal Knight on Nov 14, 2017.
             Was the Champion of Lugonu.
             Shot with an arrow by a deep elf master archer (28 damage)
             ... on level 3 of the Elven Halls.
             The game lasted 01:19:16 (14150 turns).

4thArraOfDagon the Brawler (DsAK)                  Turns: 14150, Time: 01:19:17

Health: -21/119    AC: 26    Str: 16    XL:     15   Next: 85%
Magic:  25/25      EV: 22    Int: 19    God:    Lugonu [******]
Gold:   923        SH:  5    Dex: 19    Spells: 12/28 levels left

rFire    + + .     SeeInvis +     - Unarmed
rCold    + + .     Gourm    .   (no shield)
rNeg     + . .     Faith    .   (armour currently unavailable)
rPois    ∞         Spirit   .   (helmet unavailable)
rElec    +         Reflect  +   X - +2 cloak {rF+}
rCorr    .         Harm     .   (gloves currently unavailable)
MR       +....                  (boots currently unavailable)
Stlth    +++.......             p - +5 amulet of reflection
HPRegen  0.29/turn              T - ring of Venaibos {rC++ Str+2}
MPRegen  0.19/turn              Y - ring of wizardry

@: agile, about to teleport, statue-form (expiring), very slightly contaminated,
very slow
A: claws 2, horns 3, talons 2, see invisible, agile 1, fire resistance 1, frail
2, poison resistance, powered by pain 3, electricity resistance, subdued magic 1
a: End Transformation, Depart the Abyss, Bend Space, Banish, Corrupt, Enter the
Abyss, Brand Weapon With Distortion, Renounce Religion


You were on level 3 of the Elven Halls.
You worshipped Lugonu.
Lugonu was exalted by your worship.
You were not hungry.
You were a stone statue.
You visited 4 branches of the dungeon, and saw 26 of its levels.
You visited the Abyss 1 time.
You also visited: Labyrinth, Sewer and Volcano.

You collected 1982 gold pieces.
You spent 1059 gold pieces at shops.

Inventory:

Hand Weapons
 a - the +11 scimitar "Worm" {flame, MR+}
   (You took it off a minotaur in a labyrinth)

   It has been specially enchanted to burn those struck by it, causing extra
   injury to most foes and up to half again as much damage against particularly
   susceptible opponents.
   Big, fiery blades are also staple armaments of hydra-hunters.
   It affects your resistance to hostile enchantments.
 y - a +2 blowgun
Missiles
 B - 3 curare-tipped needles
 J - 4 throwing nets (quivered)
 U - 2 tomahawks of dispersal
Armour
 c - a +3 troll leather armour (melded)
 e - a +2 cloak
 t - a +0 cloak of invisibility
 x - a +2 helmet
 M - a scarf of resistance
 P - a +2 robe of magic resistance
 X - a +2 cloak of fire resistance (worn)
Magical Staves
 n - an uncursed staff of earth
 r - an uncursed staff of wizardry {!a}
Jewellery
 h - an uncursed ring of flight
 p - a +5 amulet of reflection (around neck)
 F - an uncursed amulet of rage
 T - the ring of Venaibos (left claw) {rC++ Str+2}
   (You found it on level 6 of the Lair of Beasts)

   [ring of strength]

   It affects your strength (+2).
   It greatly protects you from cold.
 Y - a ring of wizardry (right claw)
 Z - an uncursed ring of protection from fire
Wands
 o - a wand of paralysis (12/24)
 D - a wand of acid (1/15)
 E - a wand of paralysis (8/24)
 H - a wand of iceblast (5/15)
 Q - a wand of acid (8/15)
 V - a wand of digging (6/24)
Scrolls
 d - 18 scrolls of teleportation
 g - a scroll of magic mapping
 j - 4 scrolls of noise {unknown}
 v - 2 scrolls of blinking
 A - 11 scrolls of remove curse
 G - 3 scrolls of immolation
 K - a scroll of fog
 L - a scroll of silence
 N - 5 scrolls of recharging
Potions
 i - 2 potions of haste
 k - 2 potions of resistance
 l - 3 potions of curing
 m - 4 potions of might
 q - 3 potions of heal wounds
 u - a potion of lignification
 w - a potion of magic
 z - 3 potions of mutation
 C - 2 potions of ambrosia
 I - a potion of berserk rage
 O - 2 potions of brilliance
 R - 3 potions of cancellation
 S - 2 potions of agility
Books
 W - a book of the Earth

   Spells                             Type                      Level
   a - Leda's Liquefaction            Hexes/Earth                  4
   b - Bolt of Magma                  Conjuration/Fire/Earth       5
   c - Statue Form                    Transmutation/Earth          6
   d - Iron Shot                      Conjuration/Earth            6
   e - Shatter                        Earth                        9
Comestibles
 b - 10 bread rations
 f - 4 chunks of flesh
 s - 6 meat rations


   Skills:
 - Level 10.0 Fighting
 - Level 2.1 Armour
 - Level 7.0 Dodging
 - Level 16.0 Unarmed Combat
 + Level 7.1 Spellcasting
 * Level 9.2 Transmutations
 * Level 9.2 Earth Magic
 - Level 14.0 Invocations


You had 12 spell levels left.
You knew the following spells:

 Your Spells              Type           Power        Failure   Level  Hunger
a - Swiftness             Chrm/Air       #.......     5%          2    None
b - Blink                 Tloc           N/A          5%          2    None
c - Statue Form           Tmut/Erth      ####.....    12%         6    ######.
d - Iron Shot             Conj/Erth      ###.......   58%         6    ######.


Dungeon Overview and Level Annotations

Branches:
Dungeon (15/15)            Temple (0/1) D:5            Lair (6/6) D:11
 Shoals (0/4) Lair:2        Snake (0/4) Lair:3        Slime (0/5) Lair:6
    Orc (2/2) D:11            Elf (3/3) Orc:2
 Vaults: D:13-14     Depths: D:15

Altars:
Ashenzari
Elyvilon
Hepliaklqana
Makhleb
Vehumet
Xom
Beogh
Jiyva

Shops:
D:10 *   D:13 ?[   D:14 %   Orc:2 (*!(   Elf:2 :

Annotations:
D:15 kkknotok's ghost, journeyman TrCK
Lair:4 exclusion: 4 oklob plants
Orc:2 corrupted


Innate Abilities, Weirdness & Mutations

You have very sharp fingernails.
You have a pair of large horns on your head.
You have razor-sharp toenails.
You are powered by pain.
You have supernaturally acute eyesight. (SInv)
You are agile. (Dex +2)
Your flesh is heat resistant. (rF+)
You are very frail. (-20% HP)
Your system is resistant to poisons. (rPois)
You are resistant to electric shocks. (rElec)
Your spells are a little easier to cast, but a little less powerful.


Message History

Unknown command.
You feel much better.
The deep elf sorcerer closely misses you.
The deep elf master archer shoots an arrow.
The arrow hits you!!
* * * LOW HITPOINT WARNING * * *
The deep elf master archer shoots an arrow.
The arrow hits you.
* * * LOW HITPOINT WARNING * * *
The deep elf sorcerer hits you but does no damage.
The deep elf master archer shoots an arrow.
The arrow hits you.
* * * LOW HITPOINT WARNING * * *
The deep elf master archer shoots an arrow.
The arrow closely misses you. The earth elemental barely misses you.
The deep elf elementalist casts a spell past the deep elf master archer.
Some walls begin to move on their own!
The deep elf master archer shoots an arrow.
The arrow hits you!!
You die...

..########....'........##
#..........####.......##
#.########.# ##.....###
#.# #.# #.#......## #'##
#.# #.(..(....# ...##
#.####.........#
....######.....).......##
.....'.....##.(((.....##
....#.####.##.#e8E.(.##
...###.# #.#..EeeE####
#### #.##....Ee..#
#.#)##.#E### ##)#.#.##
#.####e# #.# #.# #.# #§#
*** ## #§# *****


You could see 2 deep elf master archers, a deep elf sorcerer, a deep elf
elementalist and 5 earth elementals.

Vanquished Creatures
  2 deep elf elementalists (Elf:3)
  The ghost of tilp the Bludgeoner, a journeyman DsBe of Trog (Orc:2)
  2 deep elf annihilators (Elf:3)
  A dire elephant (Lair:6)
  Josephine (D:11)
  2 deep elf death magi (Elf:3)
  A minotaur (Lab)
  2 hydras (Lair:6)
  Harold (D:11)
  6 two-headed ogres
  2 centaur warriors
  4 dancing weapons (Elf:2)
  A merfolk avatar (Lair:6)
  A catoblepas (Lair:6)
  An ogre mage (Volcano)
  6 death yaks (Lair:6)
  A hell knight (Volcano)
  An orc high priest (Orc:2)
  2 deep elf knights (Elf:2)
  An unseen horror (D:11)
  Pikel (D:5)
  2 deep elf archers (Elf:2)
  2 ugly things
  2 orc knights
  13 deep elf magi
  2 manticores
  3 orc sorcerers
  26 elephants
  2 cyclopes
  A moth of wrath (shapeshifter) (D:13)
  Maurice (Orc:2)
  13 spiny frogs
  2 molten gargoyles (Volcano)
  4 gargoyles (Lab)
  10 komodo dragons
  2 kobold demonologists (D:13)
  A rime drake (Lair:6)
  A rime drake (shapeshifter) (D:15)
  6 trolls
  6 polar bears
  4 wind drakes (Lair:6)
  3 slime creatures
  2 hornets
  11 dream sheep (Lair:5)
  8 blink frogs
  2 meliai zombies (D:14)
  A spriggan (D:9)
  7 hippogriffs
  2 air elementals (Elf:2)
  2 shadows
  34 yaks
  A human (shapeshifter) (D:14)
  5 wraiths
  3 wyverns
  2 basilisks
  2 fire bats (Volcano)
  A steam dragon (D:12)
  9 vampire mosquitoes
  11 wargs
  An acid dragon (D:13)
  2 soldier ants
  24 water moccasins
  10 porcupines
  A phantom (D:12)
  42 orc warriors
  An ice beast (D:11)
  A black bear (D:9)
  A hornet zombie (D:9)
  4 sky beasts
  6 ogres
  9 crocodiles
  34 wolves
  8 centaurs
  5 big kobolds
  17 bullfrogs
  A gnoll sergeant (D:8)
  4 scorpions
  9 killer bees
  4 wights (D:6)
  6 howler monkeys
  3 bullfrog zombies
  7 crimson imps
  6 lava snakes (Volcano)
  5 bullfrog skeletons
  7 hounds
  20 orc priests
  5 jellies
  28 orc wizards
  6 centaur skeletons
  Terence (D:2)
  2 iguanas
  Natasha (twice) (D:3)
  11 worker ants
  A killer bee zombie (D:10)
  A hound skeleton (D:5)
  A worker ant zombie (D:7)
  6 gnolls (D:8)
  A howler monkey skeleton (D:9)
  A river rat (D:5)
  11 adders
  7 shadow imps
  6 oozes
  An adder skeleton (D:9)
  2 worms
  A dart slug (D:4)
  6 leopard geckos
  108 orcs
  20 bats
  A giant cockroach (D:3)
  3 goblins
  3 hobgoblins
  7 jackals
  3 quokkas
  A ball python (Sewer)
  7 frilled lizards
  A jackal skeleton (D:4)
  20 kobolds
  A quokka skeleton (D:7)
  8 rats
  A fungus (Lair:6)
  A toadstool (Lair:2)
772 creatures vanquished.

Vanquished Creatures (others)
  An orc warlord (Orc:2)
  A stone giant (Orc:1)
  5 hydras
  A centaur warrior (D:13)
  5 two-headed ogres
  The ghost of EnegeticOcto the Fighter, a novice GnWn of Kikubaaqudgha (D:8)
  An ugly thing (D:12)
  5 orc knights (Orc:2)
  A manticore (D:11)
  2 elephants (Lair:2)
  The ghost of 4thArraOfDagon the Insei, a novice DsAK of Lugonu (D:7)
  2 rime drakes (Lair:6)
  3 wargs (Orc:2)
  18 orc warriors
  An ogre (D:8)
  A crocodile (D:11)
  An electric eel (D:11)
  An orc priest (Orc:2)
  20 orcs
  23 fungi
  24 plants
  11 starspawn tentacles
  13 toadstools (Lair:2)
142 creatures vanquished.

Grand Total: 914 creatures vanquished

Notes
Turn   | Place    | Note
-------+----------+-------------------------------------------
     0 | Abyss:1  | 4thArraOfDagon the Demonspawn Abyssal Knight began the quest for the Orb.
     0 | Abyss:1  | Reached XP level 1. HP: 18/18 MP: 2/2
   196 | Abyss:1  | Noticed a tentacled starspawn
   200 | Abyss:1  | Noticed a raiju
   204 | D:1      | Escaped the Abyss
   373 | D:1      | Reached skill level 1 in Dodging
   412 | D:1      | Reached skill level 2 in Unarmed Combat
   429 | D:1      | Gained mutation: You have sharp toenails. [demonic ancestry]
   429 | D:1      | Reached XP level 2. HP: 4/24 MP: 3/3
   558 | D:1      | Reached * piety under Lugonu
   619 | D:2      | Noticed Terence
   679 | D:2      | Killed Terence
   679 | D:2      | Reached XP level 3. HP: 13/29 MP: 4/4
   828 | D:2      | Reached skill level 3 in Unarmed Combat
   915 | D:3      | Found a burning altar of Makhleb.
   931 | D:3      | Gained mutation: You sometimes gain a little power by taking damage. [demonic ancestry]
   931 | D:3      | Reached XP level 4. HP: 34/35 MP: 5/5
   961 | D:3      | Noticed Natasha
   976 | D:3      | Killed Natasha
  1060 | D:3      | Gained mutation: You sometimes gain power by taking damage. [demonic ancestry]
  1060 | D:3      | Reached XP level 5. HP: 27/41 MP: 6/6
  1092 | D:3      | Reached skill level 4 in Unarmed Combat
  1143 | D:3      | Noticed Natasha
  1158 | D:3      | Killed Natasha
  1184 | D:3      | Reached ** piety under Lugonu
  1201 | D:3      | Found a white marble altar of Elyvilon.
  1201 | D:3      | Found a burning altar of Makhleb.
  1203 | D:3      | Found a shimmering altar of Xom.
  1478 | D:5      | Entered Level 5 of the Dungeon
  1588 | D:5      | Reached skill level 5 in Unarmed Combat
  1590 | D:5      | Reached XP level 6. HP: 47/47 MP: 7/7
  1664 | D:5      | Noticed a sky beast
  1696 | D:5      | Killed a sky beast
  1696 | D:5      | Reached skill level 6 in Unarmed Combat
  1723 | D:5      | Reached XP level 7. HP: 22/52 MP: 8/8
  1857 | D:5      | Found a glowing drain.
  1866 | Sewer    | Entered a sewer
  1955 | Sewer    | Reached skill level 7 in Unarmed Combat
  2202 | D:5      | Noticed Pikel
  2243 | D:5      | Paralysed by Pikel for 4 turns
  2249 | D:5      | Killed Pikel
  2249 | D:5      | Reached skill level 8 in Unarmed Combat
  2249 | D:5      | Gained mutation: You have a pair of small horns on your head. [demonic ancestry]
  2249 | D:5      | Reached XP level 8. HP: 35/58 MP: 9/9
  2277 | D:5      | Found a staircase to the Ecumenical Temple.
  2351 | D:5      | Reached skill level 9 in Unarmed Combat
  2453 | D:6      | Got a transparent short sword
  2490 | D:6      | Reached *** piety under Lugonu
  3083 | D:7      | Reached skill level 5 in Invocations
  3170 | D:7      | Reached skill level 10 in Unarmed Combat
  3219 | D:8      | Reached **** piety under Lugonu
  3219 | D:8      | Gained mutation: You have a pair of horns on your head. [demonic ancestry]
  3219 | D:8      | Reached XP level 9. HP: 56/63 MP: 12/12
  3278 | D:8      | Noticed a two-headed ogre
  3286 | D:8      | Killed a two-headed ogre
  3286 | D:8      | Reached skill level 11 in Unarmed Combat
  3360 | D:7      | Noticed 4thArraOfDagon's ghost (novice DsAK)
  3361 | D:7      | Banished 4thArraOfDagon's ghost
  3637 | D:8      | Found a hazy altar of Hepliaklqana.
  3647 | D:8      | Noticed EnegeticOcto's ghost (novice GnWn)
  3660 | D:8      | Banished EnegeticOcto's ghost
  3660 | D:8      | Reached XP level 10. HP: 70/70 MP: 4/16
  3824 | D:9      | Found a radiant altar of Vehumet.
  3857 | D:9      | Reached skill level 12 in Unarmed Combat
  4064 | D:9      | Reached skill level 5 in Fighting
  4101 | D:9      | Noticed a two-headed ogre
  4101 | D:9      | Banished a two-headed ogre
  4106 | D:9      | Found a shattered altar of Ashenzari.
  4217 | D:10     | Entered Level 10 of the Dungeon
  4217 | D:10     | Noticed a two-headed ogre
  4219 | D:10     | Banished a two-headed ogre
  4219 | D:10     | Reached skill level 10 in Invocations
  4302 | D:10     | Gained mutation: You have sharp fingernails. [demonic ancestry]
  4302 | D:10     | Reached XP level 11. HP: 26/80 MP: 18/18
  4339 | D:10     | Gained mutation: You are dopey. (Int -2) [mutagenic meat]
  4340 | D:10     | Lost mutation: You are dopey. (Int -2) [mutagenic meat]
  4341 | D:10     | Gained mutation: Your system is resistant to poisons. (rPois) [mutagenic meat]
  4342 | D:10     | Gained mutation: You occasionally shout uncontrollably at your foes. [mutagenic meat]
  4343 | D:10     | Lost mutation: You occasionally shout uncontrollably at your foes. [mutagenic meat]
  4349 | D:10     | Found Caziomarr's Demolitions Depot.
  4392 | D:10     | Noticed a two-headed ogre
  4392 | D:10     | Banished a two-headed ogre
  4407 | D:10     | Gained mutation: You are frail. (-10% HP) [mutagenic meat]
  4408 | D:10     | Gained mutation: You have supernaturally acute eyesight. (SInv) [mutagenic meat]
  4409 | D:10     | Gained mutation: Your spells are a little easier to cast, but a little less powerful. [mutagenic meat]
  4410 | D:10     | Gained mutation: You are agile. (Dex +2) [mutagenic meat]
  4506 | D:11     | Reached skill level 13 in Unarmed Combat
  4672 | D:11     | Noticed a two-headed ogre
  4674 | D:11     | Banished a two-headed ogre
  4840 | D:11     | Noticed Harold
  4956 | D:11     | Noticed Josephine
  4967 | D:11     | Killed Josephine
  5308 | D:12     | Noticed a white ugly thing
  5312 | D:12     | Noticed a brown ugly thing
  5319 | D:12     | Killed a white ugly thing
  5320 | D:12     | Banished a white ugly thing
  5509 | D:13     | Noticed a deep elf mage
  5540 | D:13     | Found Ovirawkups's Antique Armour Emporium.
  5556 | D:13     | Noticed a centaur warrior
  5557 | D:13     | Noticed a two-headed ogre
  5558 | D:13     | Banished a two-headed ogre
  5573 | D:13     | Killed a centaur warrior
  5582 | D:13     | Thaneod: every monster red:)
  5599 | D:13     | Noticed a centaur warrior
  5608 | D:13     | Banished a centaur warrior
  5631 | D:13     | Killed a deep elf mage
  5771 | D:13     | Reached skill level 14 in Unarmed Combat
  5799 | D:13     | Noticed a vault guard
  5812 | D:14     | 4thArraOfDagon: crapowate mutacje :/
  5816 | D:14     | Gained mutation: You have very sharp fingernails. [demonic ancestry]
  5816 | D:14     | Reached XP level 12. HP: 80/81 MP: 20/20
  5841 | D:14     | Found Liycwuh's Food Shop.
  6057 | D:13     | Gained mutation: You are resistant to electric shocks. (rElec) [mutagenic meat]
  6128 | D:13     | Found Ynamir's Magic Scroll Emporium.
  6133 | D:13     | Bought a scroll of enchant armour for 97 gold pieces
  6133 | D:13     | Bought a scroll of teleportation for 39 gold pieces
  6133 | D:13     | Bought a scroll of teleportation for 39 gold pieces
  6133 | D:13     | Bought a scroll of enchant armour for 97 gold pieces
  6133 | D:13     | Bought a scroll of teleportation for 39 gold pieces
  6133 | D:13     | Bought a scroll of identify for 26 gold pieces
  6133 | D:13     | Bought a scroll of teleportation for 39 gold pieces
  6147 | D:13     | Thaneod: pokas
  6155 | D:13     | 4thArraOfDagon: masz :)
  6155 | D:13     | 4thArraOfDagon: slabo
  6160 | D:13     | Thaneod: nom
  6161 | D:13     | Noticed a vault guard
  6190 | D:13     | Thaneod: bez powered by death to lipa
  6441 | D:14     | Learned a level 2 spell: Swiftness
  6511 | D:15     | Entered Level 15 of the Dungeon
  6601 | D:14     | Noticed a centaur warrior
  6617 | D:14     | Killed a centaur warrior
  6628 | D:14     | Noticed a five-headed hydra
  6629 | D:14     | Banished a five-headed hydra
  6900 | D:15     | Learned a level 2 spell: Blink
  6982 | D:15     | Noticed a two-headed ogre
  7000 | D:15     | Killed a two-headed ogre
  7083 | D:15     | 4thArraOfDagon: :/
  7101 | D:15     | Reached skill level 5 in Dodging
  7104 | D:15     | Gained mutation: You are very frail. (-20% HP) [mutagenic meat]
  7105 | D:15     | Gained mutation: Your flesh is heat resistant. (rF+) [mutagenic meat]
  7180 | D:15     | Got an encrusted ring mail
  7194 | D:15     | Identified the +2 ring mail of Anoseah {MR+ Str-3 Int+3} (You took it off an orc on level 15 of the Dungeon)
  7217 | D:15     | Found a shattered altar of Ashenzari.
  7227 | D:15     | Thaneod: haha
  7249 | D:15     | Thaneod: ale xom jest śmieszny
  7254 | D:15     | Noticed kkknotok's ghost (journeyman TrCK)
  7281 | D:15     | Thaneod: !stalk Thaneod
  7285 | D:15     | beem: Thaneod the L7 MiCK^Xom in D:4 (cxc tiles), T:3352, defenses: 14/6/0, stats: 21/16/10
  7328 | D:14     | 4thArraOfDagon: no
  7328 | D:14     | 4thArraOfDagon: ale fajny :)
  7397 | D:13     | Noticed a catoblepas
  7530 | D:12     | Reached ***** piety under Lugonu
  7564 | D:11     | Found a staircase to the Orcish Mines.
  7579 | D:11     | Noticed a five-headed hydra
  7580 | D:11     | Banished a five-headed hydra
  7733 | D:11     | Found a staircase to the Lair.
  7750 | D:11     | Reached skill level 15 in Unarmed Combat
  7786 | D:11     | Killed Harold
  7786 | D:11     | Gained mutation: You have a pair of large horns on your head. [demonic ancestry]
  7786 | D:11     | Reached XP level 13. HP: 31/80 MP: 22/22
  7866 | Orc:1    | Entered Level 1 of the Orcish Mines
  7866 | Orc:1    | Noticed a stone giant
  7868 | Orc:1    | Banished a stone giant
  7937 | Orc:1    | Thaneod: brb
  7939 | Orc:1    | 4thArraOfDagon: k
  8100 | Orc:1    | Found a dark tunnel.
  8105 | Volcano  | Entered a volcano
  8169 | Volcano  | 4thArraOfDagon: kiedy kolejne depeche?
  8291 | Volcano  | Found a burning altar of Makhleb.
  8308 | Volcano  | Reached skill level 1 in Spellcasting
  8626 | Orc:1    | Found a roughly hewn altar of Beogh.
  8696 | Orc:2    | Entered Level 2 of the Orcish Mines
  8928 | Orc:2    | Found a labyrinth entrance.
  8937 | Lab      | Entered a labyrinth
  9035 | Lab      | Noticed a minotaur
  9047 | Lab      | Killed a minotaur
  9050 | Lab      | Got an ancient golden amulet
  9064 | Lab      | Learned a level 6 spell: Statue Form
  9064 | Lab      | Identified the cursed +1 short sword of Intimidation {flame, rElec MR+++ Str+2 Dex-4} (You found it on level 6 of the Dungeon)
  9071 | Lab      | Identified the amulet of Sebugy {Spirit Str+3 Stlth+} (You took it off a minotaur in a labyrinth)
  9091 | Lab      | Got an encrusted scimitar {flame}
  9092 | Lab      | Identified the +11 scimitar "Worm" {flame, MR+} (You took it off a minotaur in a labyrinth)
  9107 | Lab      | Learned a level 6 spell: Iron Shot
  9149 | Orc:2    | Found a staircase to the Elven Halls.
  9190 | Orc:2    | Noticed tilp's ghost (journeyman DsBe)
  9191 | Orc:2    | 4thArraOfDagon: !lg Tilp dsbe -log
  9191 | Orc:2    | beem: 2. tilp, XL13 DsBe, T:20949: http://crawl.xtahua.com/crawl/morgue/tilp/morgue-tilp-20171114-212129.txt
  9284 | Orc:2    | Killed tilp's ghost
  9284 | Orc:2    | Reached skill level 1 in Transmutations
  9284 | Orc:2    | Reached skill level 1 in Earth Magic
  9384 | Orc:2    | Noticed an orc warlord
  9439 | Orc:2    | Banished an orc warlord
  9458 | Orc:2    | Noticed Maurice
  9479 | Orc:2    | Killed Maurice
  9560 | Orc:2    | Corrupted Orc:2
  9560 | Orc:2    | Noticed an eidolon
  9560 | Orc:2    | Found Qam Elup's Antique Weapon Shop.
  9567 | Orc:2    | Noticed a tentacled starspawn
  9613 | Orc:2    | Noticed a tentacled starspawn
  9650 | Orc:2    | Found Voes's Distillery.
  9654 | Orc:2    | Bought a potion of heal wounds for 80 gold pieces
  9654 | Orc:2    | Bought a potion of magic for 128 gold pieces
  9654 | Orc:2    | Bought 2 potions of mutation for 256 gold pieces
  9654 | Orc:2    | Bought a potion of might for 64 gold pieces
  9654 | Orc:2    | Bought a potion of heal wounds for 80 gold pieces
  9663 | Orc:2    | Found a roughly hewn altar of Beogh.
  9732 | Orc:2    | Gained mutation: You have razor-sharp toenails. [demonic ancestry]
  9732 | Orc:2    | Reached XP level 14. HP: 41/87 MP: 24/24
  9804 | Orc:2    | Found Saetitt's Antique Weapon Emporium.
  9804 | Orc:2    | Found Cearumor's Assorted Antiques.
  9810 | Orc:2    | Bought a scroll of teleportation for 75 gold pieces
 10071 | Lair:1   | Entered Level 1 of the Lair of Beasts
 10418 | Lair:2   | Found a staircase to the Shoals.
 10644 | Lair:2   | Reached skill level 10 in Fighting
 10760 | Lair:2   | Reached skill level 16 in Unarmed Combat
 11082 | Lair:3   | Found a staircase to the Snake Pit.
 11724 | Lair:4   | Got a pitted quarterstaff
 11725 | Lair:4   | Identified the +9 quarterstaff of Valiance {venom, +Fly} (You found it on level 4 of the Lair of Beasts)
 11880 | Lair:5   | Reached skill level 5 in Transmutations
 11880 | Lair:5   | Reached skill level 5 in Earth Magic
 12081 | Lair:6   | Entered Level 6 of the Lair of Beasts
 12112 | Lair:6   | Reached ****** piety under Lugonu
 12160 | Lair:6   | Reached skill level 5 in Spellcasting
 12558 | Lair:6   | Gained mutation: You are powered by pain. [demonic ancestry]
 12558 | Lair:6   | Reached XP level 15. HP: 92/92 MP: 19/25
 12807 | Lair:6   | Found a viscous altar of Jiyva.
 12808 | Lair:6   | Found a staircase to the Slime Pits.
 12996 | Lair:6   | Got a clouded bone ring
 13025 | Lair:6   | Identified the ring of Venaibos {rC++ Str+2} (You found it on level 6 of the Lair of Beasts)
 13453 | Elf:1    | Entered Level 1 of the Elven Halls
 13582 | Elf:3    | Entered Level 3 of the Elven Halls
 13591 | Elf:2    | Found Sawoted's One-of-a-Kind Books.
 13749 | Elf:2    | Got a crude robe
 13760 | Elf:2    | Identified the +1 robe of Inviolability {rC+} (You found it on level 2 of the Elven Halls)
 14137 | Elf:3    | Noticed a deep elf master archer
 14145 | Elf:3    | Noticed a deep elf sorcerer
 14146 | Elf:3    | Noticed a deep elf master archer
 14150 | Elf:3    | Shot with an arrow by a deep elf master archer

Vault maps used:
D:1:      lightli_arrival_quake, serial_bayou_ford_a, serial_bayou_pond_e
D:2:      lemuel_doored_altar, uniq_sigmund, uniq_terence
D:3:      gammafunk_temple_overflow_claw, first_bread, makhleb_heckhound_becter,
          uniq_natasha
D:4:      serial_shops, kennysheep_mini, uniq_grinder, uniq_eustachio,
          uniq_blork_the_orc
D:5:      minmay_temple_entry_enclosed_plants, gup_sewer_entry_bowl, uniq_pikel
D:7:      hangedman_decor_push
D:8:      kennysheep_mini_moat
D:9:      vehumet_crystals, lemuel_round_altar, the_bakery, due_unseen_surprise
D:10:     nicolae_blasting_shop
D:11:     grunt_lair_entry_orc_guard_hut, orc_0_dummy, grunt_potential,
          uniq_josephine, uniq_harold
D:12:     minmay_guarded_unrand_variability
D:13:     grunt_vaults_entry_fortified, serial_shops,
          nicolae_shop_temple_entry_statues_fountains,
          nicolae_shop_temple_entry_statues_fountains, shop
D:14:     serial_shops, nicolae_shop_window_shopping,
          minmay_misc_feat_more_columns
D:15:     grunt_enter_depths_magical_seal, nrook_uturn, basic_altar,
          grunt_ministairs_1
Lair:2:   minmay_shoals_entry_beasts, tgw_fedhas, lemuel_fruit_tree,
          grunt_megastairs_5
Lair:3:   minmay_snake_entry_six_corridors, st_stairs_3
Lair:4:   grunt_forest_large_clearings, grunt_megastairs_1,
          serial_bayou_shore_a, minmay_lair_oklob_chamber
Lair:6:   gammafunk_lair_ancient_temple, slime_altar_1
Orc:1:    basic_altar, enter_volcano_1, mines_bat_river
Orc:2:    st_orc_town, lab_entry_generic, uniq_maurice
Elf:1:    hangedman_elf_disciples, uniq_asterion
Elf:2:    nicolae_rare_books, uniq_nikola
Elf:3:    minmay_elf_hall
Lab:      labyrinth_watery, nicolae_lab_stuck, labyrinth_fake_exit, lab_hedge,
          labyrinth_skeletal_remains, nicolae_lab_diamond, nicolae_lab_plus,
          nicolae_lab_grate
Sewer:    sewer_fruit_machine
Volcano:  volcano_lake

Skill      XL: |  1  2  3  4  5  6  7  8  9 10 11 12 13 14 15 |
---------------+----------------------------------------------+-----
Dodging        | 1 2 3 5 6 7 |  7.0
Unarmed Combat | 2 3 5 6 8 10 11 12 14 15 16 | 16.0
Armour         | 2 |  2.1
Invocations    | 5 8 10 11 13 14 | 14.0
Fighting       | 5 7 8 9 10 | 10.0
Spellcasting   | 3 5 7 |  7.1
Transmutations | 1 6 9 |  9.2
Earth Magic    | 1 6 9 |  9.2

Action                   |  1- 3 |  4- 6 |  7- 9 | 10-12 | 13-15 || total
-------------------------+-------+-------+-------+-------+-------++-------
Melee: Unarmed           |   141 |   183 |   395 |   799 |  1257 ||  2775
       Kick              |    27 |    46 |    85 |   219 |   393 ||   770
       Punch             |       |     3 |    10 |    25 |    91 ||   129
       Headbutt          |       |       |    32 |   153 |   237 ||   422
Throw: Throwing net      |       |       |       |     1 |       ||     1
 Cast: Statue Form       |       |       |       |       |    19 ||    19
Invok: Depart the Abyss  |     1 |       |       |       |       ||     1
       Banish            |       |       |     5 |    22 |    19 ||    46
       Corrupt           |       |       |       |       |     1 ||     1
 Abil: End Transformatio |       |       |       |       |     4 ||     4
Evoke: Wand              |       |       |     5 |     9 |    11 ||    25
  Use: Potion            |     2 |     2 |     3 |     4 |     7 ||    18
       Scroll            |       |     8 |     3 |    13 |    16 ||    40
 Stab: Invisible         |     4 |       |       |       |       ||     4
       Confused          |       |       |       |       |     3 ||     3
       Distracted        |       |       |       |       |     1 ||     1
       Sleeping          |       |       |       |       |     1 ||     1
  Eat: Chunk             |       |     3 |     7 |    24 |    17 ||    51
       Royal jelly       |       |       |       |     5 |     5 ||    10
       Fruit             |       |       |       |     4 |    11 ||    15
       Meat ration       |       |       |       |       |     1 ||     1
Armor: Ring mail         |    64 |    32 |       |       |       ||    96
       Chain mail        |       |    42 |   193 |   199 |       ||   434
       Skin              |       |     7 |     7 |       |   112 ||   126
       Troll leather arm |       |       |       |    79 |   192 ||   271
Dodge: Dodged            |    73 |    56 |    74 |   263 |   633 ||  1099
Block: Other             |       |    17 |    74 |   115 |   203 ||   409
       Reflection        |       |       |     2 |     4 |     6 ||    12

Table legend:
 A = Spawn XP
 B = Non-spawn XP
 C = Spawn XP percentage of total XP
 D = Spawn monster count
 E = Non-spawn monster count
 F = Spawn count percentage of total count
 G = Total turns spent on level
                    A         B        C        D         E        F      G
               +---------+---------+-------+---------+---------+-------+---------
         Total |       0 |  146203 |   0.0 |       0 |     801 |   0.0 | 14150
               +---------+---------+-------+---------+---------+-------+---------
           D:1 |       0 |      21 |   0.0 |       0 |      12 |   0.0 |   366
           D:2 |       0 |      53 |   0.0 |       0 |      11 |   0.0 |   342
           D:3 |       0 |     166 |   0.0 |       0 |      20 |   0.0 |   386
           D:4 |       0 |      45 |   0.0 |       0 |       3 |   0.0 |   180
           D:5 |       0 |    1459 |   0.0 |       0 |      31 |   0.0 |   676
           D:6 |       0 |     357 |   0.0 |       0 |      15 |   0.0 |   394
           D:7 |       0 |    1229 |   0.0 |       0 |      37 |   0.0 |   515
           D:8 |       0 |    3057 |   0.0 |       0 |      30 |   0.0 |   478
           D:9 |       0 |    3866 |   0.0 |       0 |      36 |   0.0 |   425
          D:10 |       0 |    1957 |   0.0 |       0 |      17 |   0.0 |   368
          D:11 |       0 |    9679 |   0.0 |       0 |      62 |   0.0 |  1108
          D:12 |       0 |    2546 |   0.0 |       0 |      24 |   0.0 |   428
          D:13 |       0 |    6938 |   0.0 |       0 |      30 |   0.0 |   755
          D:14 |       0 |    5641 |   0.0 |       0 |      31 |   0.0 |   509
          D:15 |       0 |    3730 |   0.0 |       0 |      27 |   0.0 |   638
        Lair:1 |       0 |     885 |   0.0 |       0 |       5 |   0.0 |   271
        Lair:2 |       0 |    7176 |   0.0 |       0 |      25 |   0.0 |   498
        Lair:3 |       0 |    7697 |   0.0 |       0 |      35 |   0.0 |   542
        Lair:4 |       0 |    3677 |   0.0 |       0 |      28 |   0.0 |   504
        Lair:5 |       0 |    7699 |   0.0 |       0 |      34 |   0.0 |   471
        Lair:6 |       0 |   32426 |   0.0 |       0 |      86 |   0.0 |   976
         Orc:1 |       0 |    4245 |   0.0 |       0 |      42 |   0.0 |   487
         Orc:2 |       0 |   11638 |   0.0 |       0 |      95 |   0.0 |  1162
         Elf:1 |       0 |    2208 |   0.0 |       0 |       4 |   0.0 |   111
         Elf:2 |       0 |    8052 |   0.0 |       0 |      13 |   0.0 |   308
         Elf:3 |       0 |   10216 |   0.0 |       0 |      10 |   0.0 |   278
           Lab |       0 |    2728 |   0.0 |       0 |       5 |   0.0 |   171
         Sewer |       0 |      54 |   0.0 |       0 |      17 |   0.0 |   251
       Volcano |       0 |    6758 |   0.0 |       0 |      16 |   0.0 |   348
               +---------+---------+-------+---------+---------+-------+---------
